 Dungeon Sprint DCSS version 0.27-a0-1139-g28e009f8a6 (webtiles) character file.

Game seed: 6728949757347910384

1993 3t5h the Fighter (level 11, 0/119 HPs)
             Began as a Djinni Transmuter on May 7, 2021.
             Was the Champion of Makhleb.
             Slain by a jumping spider (8 damage)
             ... in the Dungeon (Sprint VI: "Thunderdome").
             The game lasted 00:12:29 (1308 turns).

3t5h the Fighter (Djinni Transmuter)                Turns: 1308, Time: 00:12:29

Health: 0/119      AC:  8    Str: 15    XL:     11   Next: 68%
Gold:   1398       EV: 12    Int: 19    God:    Makhleb [******] SH:  0 Dex: 13

rFire    + + .     SeeInvis +     - Unarmed
rCold    . . .     Faith    +   (shield currently unavailable)
rNeg     . . .     Spirit   .   (armour currently unavailable)
rPois    ∞         Reflect  .   (helmet currently unavailable)
rElec    +         Harm     .   (cloak currently unavailable)
rCorr    .         Rampage  .   (gloves currently unavailable)
Will     ++...     NoTele   +   (boots unavailable)
Stlth    +.........             k - amulet of the Priest {Faith +Inv Regen+ Dex-5 SInv}
HPRegen  1.29/turn              f - ring of Opnem {rF+ rC+ Will+}
MPRegen  0.00/turn              l - ring "Faiheo" {Fire rElec Str+4 Int+3 Dex+4}

@: hydra-form, flying
A: fast swimmer, devour, flying, boosted hp, sickness immunity, very large,
(fire resistance 2), (cold vulnerability 1), float, innate caster, hp casting,
extra vitality 1
}: 1/15 runes: serpentine
a: End Transformation, Renounce Religion, Evoke Invisibility, Minor Destruction,
Lesser Servant of Makhleb, Major Destruction, Greater Servant of Makhleb


You were in the Dungeon.
You worshipped Makhleb.
Makhleb was exalted by your worship.
You were a five-headed hydra.
You visited 1 branch You collected 1900 gold pieces.
You spent 502 gold pieces at shops.

Inventory:

Missiles
 a - 4 throwing nets
Armour
 m - the +0 robe of a wizard's laboratory (melded) {Int+2}
   (You bought it in a shop in the Dungeon)

   It affects your intelligence (+2).
Jewellery
 f - the ring of Opnem (left foreclaw) {rF+ rC+ Will+}
   (You bought it in a shop in the Dungeon)

   [ring of protection from cold]

   It protects you from fire.
   It protects you from cold.
   It increases your willpower.
 k - the amulet of the Priest (around neck) {Faith +Inv Regen+ Dex-5 SInv}
   (You bought it in a shop in the Dungeon)

   [amulet of faith]

   It allows you to gain divine favour quickly.
   It affects your dexterity (-5).
   It lets you see invisible.
   It lets you turn invisible.
   It increases your rate of health regeneration.
 l - the ring "Faiheo" (right foreclaw) {Fire rElec Str+4 Int+3 Dex+4}
   (You bought it in a shop in the Dungeon)

   [ring of fire]

   It enhances your fire magic.
   It affects your strength (+4).
   It affects your intelligence (+3).
   It affects your dexterity (+4).
   It protects you from fire.
   It makes you vulnerable to cold.
   It insulates you from electricity.
Wands
 h - a wand of acid (4)
 i - a wand of iceblast (4)
Scrolls
 g - 2 scrolls of blinking
 j - 3 scrolls of fog
Potions
 b - a potion of resistance
 d - 3 potions of mutation
 e - 3 potions of haste


   Skills:
 * Level 13.6 Fighting
 + Level 8.6 Armour
 * Level 11.8 Dodging
 * Level 12.3 Unarmed Combat
 * Level 10.4 Spellcasting
 * Level 10.6 Invocations


You had one spell level left.
You knew the following spells:

 Your Spells              Type           Power      Damage    Failure   Level
a - Beastly Appendage     Tmut           98%        N/A       1%          1
b - Wereblood             Tmut           49%        N/A       1%          2
c - Spider Form           Tmut/Pois      24%        N/A       1%          3
d - Ice Form              Ice/Tmut       49%        N/A       1%          4
e - Magic Dart            Conj           100%       1d8       1%          1
f - Hydra Form            Tmut           24%        N/A       2%          5
g - Searing Ray           Conj           98%        3d7       1%          2
h - Vampiric Draining     Necr           24%        2d9       1%          3
i - Iskenderun's Mystic   Conj/Tloc      49%        2d11      1%          4
j - Dispel Undead         Necr           49%        3d18      1%          4
Your spell library was empty.

Dungeon Overview and Level Annotations

Branches:
Dungeon (1/1)

Altars:
Cheibriados
Dithmenos
Fedhas
Gozag
Kikubaaqudgha
Makhleb
Okawaru
Qazlal
Ru
Sif Muna
Trog
Uskayaw
Vehumet
Wu Jian
Xom
Yredelemnul
Zin
The Shining One
Beogh
Jiyva
Lugonu

Shops:
D *[??*?*:[((!!!!


Innate Abilities, Weirdness & Mutations

You are a five-headed hydra.
You swim very quickly.
You can devour living enemies to heal.
You are flying.
Your maximum health is greatly increased.
Your armour is entirely melded.
You are incapable of wielding weapons or throwing items.
You are immune to sickness and miasma.
You are immune to poison.
((Your flesh is very heat resistant. (rF++)))
((You are vulnerable to cold. (rC-)))
You float through the air rather than walking.
You learn spells naturally, not from books.
Your magical power is your life essence.
You have superior vitality. (+4 HP)


Message History

You feel better.
The jumping spider leaps! x2
A moth of wrath comes into view.
The jumping spider pounces on you but does no damage.
The jumping spider barely misses you.
You completely miss the jumping spider. 50...
The moth of wrath's fur bristles in rage as it notices you.
The jumping spider pounces on you. The jumping spider bites you.
The jumping spider pounces on you.
You are caught in a web!
The jumping spider barely misses you.
You struggle to detach yourself from the web.
The jumping spider pounces on you! The jumping spider bites you!
The web tears apart.
The jumping spider pounces on you!
* * * LOW HITPOINT WARNING * * *
The jumping spider closely misses you.
The jumping spider leaps!
A wolf spider comes into view.
The jumping spider leaps!
The wolf spider hisses angrily.
You gouge the jumping spider!!
The jumping spider is heavily wounded.
The jumping spider leaps!
The jumping spider pounces on you but does no damage.
The jumping spider bites you but does no damage.
The moth of wrath goads the jumping spider on!
The jumping spider goes berserk!
The jumping spider pounces on you!!
* * * LOW HITPOINT WARNING * * *
The jumping spider misses you.
Okay, then.
Blink to where?
Press: ? - help, Dir - move target
As you read the scroll of blinking, it crumbles to dust.
A redback comes into view.
The jumping spider rages.
You feel better.
A wolf spider comes into view.
The jumping spider pounces on you!
* * * LOW HITPOINT WARNING * * *
The jumping spider bites you!
You die...

#.....# ##.....## ##∩..[..∩##
#∩..(....∩# #_......._#
#_.[[..)._# #_.[......#
###.........### #⌠.....Ds....⌠#
######.8.........8.######
##..__......###......__.∩##
###∩........8.# #.8y.......∩###
##..........(..###.............##
#⌠..........###...###†.........⌠#
#⌠..........# #.<.# #......°...⌠#
#⌠....[...s.###...###..........⌠#
##.............###.............##


You could see a wolf spider (wandering), a moth of wrath and a jumping spider
(berserk).

Vanquished Creatures
  A hydra (D)
  Harold (D)
  A centaur warrior (D)
  A wolf spider (D)
  2 will-o-the-wisps (D)
  An elephant (D)
  2 black mambas (D)
  2 cane toads (D)
  3 trolls (D)
  A slime creature (D)
  A yak (D)
  A basilisk (D)
  3 nagas (D)
  2 water moccasins (D)
  A swamp drake (D)
  A centaur (D)
  4 bullfrogs (D)
  Terence (D)
  6 adders (D)
  2 worms (D)
  A dart slug (D)
  A bat (D)
  2 ball pythons (D)
41 creatures vanquished.

Vanquished Creatures (collateral kills)
  An anaconda (D)
  A hydra (D)
  A goliath frog (D)
  A vampire mosquito (D)
4 creatures vanquished.

Vanquished Creatures (others)
  An eleionoma (D)
  A bloated husk (D)
  15 foxfires (D)
17 creatures vanquished.

Grand Total: 62 creatures vanquished

Notes
Turn   | Place    | Note
-------+----------+-------------------------------------------
     0 | D        | 3t5h the Djinni Transmuter began the quest for the Orb.
     0 | D        | Reached XP level 1. HP: 17/17 MP: 0/0
     2 | D        | Found a glowing silver altar of Zin.
     3 | D        | Found a viscous altar of Jiyva.
     3 | D        | Found a glowing golden altar of the Shining One.
     4 | D        | Found an ornate altar of the Wu Jian Council.
     4 | D        | Found a blossoming altar of Fedhas.
     4 | D        | Found Tumel's Staff Store.
     4 | D        | Found Socsam's Magic Scroll Shop.
     5 | D        | Found Xiatonwi's Must-Have Magic.
     5 | D        | Found Plog's Magic Scroll Shop.
     5 | D        | Round 1.
     7 | D        | Found a shadowy altar of Dithmenos.
     8 | D        | Found a snail-covered altar of Cheibriados.
    10 | D        | Reached skill level 2 in Fighting
    10 | D        | Reached skill level 1 in Armour
    10 | D        | Reached XP level 2. HP: 23/23 MP: 0/0
    20 | D        | Found Caenos's Jewellery.
    20 | D        | Found Rubrylo's Advanced Armour.
    21 | D        | Found a burning altar of Makhleb.
    21 | D        | Found a stormy altar of Qazlal.
    21 | D        | Found Qioxzopu's Identification Station.
    25 | D        | Found an opulent altar of Gozag.
    29 | D        | Became a worshipper of Makhleb the Destroyer
    32 | D        | Found a bloodstained altar of Trog.
    47 | D        | Found an iron altar of Okawaru.
    47 | D        | Found a corrupted altar of Lugonu.
    47 | D        | Found a hide-covered altar of Uskayaw.
    47 | D        | Found Monom's Premium Goods.
    47 | D        | Found Nueg's Weapon Rack.
    48 | D        | Found Jaezxorgh's Miscellaneous Merchandise.
    48 | D        | Found Axtee's Basic Armour.
    51 | D        | Found a basalt altar of Yredelemnul.
    52 | D        | Found a sacrificial altar of Ru.
    53 | D        | Found a shimmering altar of Xom.
    54 | D        | Found Xasmucy's Do-It-Yourself Clinic.
    54 | D        | Found Netruim's Distillery.
    55 | D        | Found Tuutif's Bottled Wisdom.
    55 | D        | Found Neomah's Distillery.
   120 | D        | Noticed Terence
   131 | D        | Killed Terence
   131 | D        | Reached * piety under Makhleb
   132 | D        | Reached skill level 3 in Fighting
   132 | D        | Reached skill level 1 in Invocations
   132 | D        | Reached XP level 3. HP: 30/30 MP: 0/0
   132 | D        | Learned a level 1 spell: Magic Dart
   150 | D        | Arena points: 14 (+14) [x2]
   161 | D        | Bought an ancient amber ring for 45 gold pieces
   161 | D        | Identified the ring of Opnem {rF+ rC+ Will+} (You bought it
                  | in a shop in the Dungeon)
   161 | D        | Bought a crude silver amulet for 45 gold pieces
   161 | D        | Identified the amulet of the Priest {Faith +Inv Regen+
                  | Dex-5 SInv} (You bought it in a shop in the Dungeon)
   161 | D        | Bought a bound marble ring for 45 gold pieces
   161 | D        | Identified the ring "Faiheo" {Fire rElec Str+4 Int+3 Dex+4}
                  | (You bought it in a shop in the Dungeon)
   185 | D        | Round 2.
   222 | D        | Reached ** piety under Makhleb
   223 | D        | Reached XP level 4. HP: 36/37 MP: 0/0
   228 | D        | Reached *** piety under Makhleb
   239 | D        | Arena points: 56 (+42) [x3]
   240 | D        | Reached skill level 4 in Fighting
   240 | D        | Reached skill level 5 in Unarmed Combat
   261 | D        | Round 3.
   264 | D        | Noticed a bullfrog
   273 | D        | Killed a bullfrog
   274 | D        | Reached XP level 5. HP: 21/42 MP: 0/0
   274 | D        | Learned a level 2 spell: Searing Ray
   319 | D        | Reached **** piety under Makhleb
   320 | D        | Reached skill level 5 in Fighting
   369 | D        | Reached skill level 6 in Fighting
   369 | D        | Reached skill level 5 in Dodging
   369 | D        | Reached skill level 5 in Spellcasting
   369 | D        | Reached XP level 6. HP: 50/50 MP: 0/0
   378 | D        | Noticed a will-o-the-wisp
   379 | D        | Noticed a vampire mosquito
   387 | D        | Noticed a swamp drake
   390 | D        | Killed a vampire mosquito
   394 | D        | Killed a swamp drake
   395 | D        | Reached skill level 7 in Fighting
   395 | D        | Reached XP level 7. HP: 41/58 MP: 0/0
   395 | D        | Learned a level 3 spell: Vampiric Draining
   403 | D        | Killed a will-o-the-wisp
   403 | D        | Reached ***** piety under Makhleb
   403 | D        | Arena points: 140 (+84) [x4]
   404 | D        | Reached skill level 8 in Fighting
   404 | D        | Reached skill level 5 in Armour
   404 | D        | Reached skill level 5 in Invocations
   445 | D        | Bought a creamy pearl robe for 199 gold pieces
   445 | D        | Identified the +0 robe of a wizard's laboratory {Int+2}
                  | (You bought it in a shop in the Dungeon)
   471 | D        | Round 4.
   477 | D        | Noticed a naga
   477 | D        | Noticed a naga
   482 | D        | Reached XP level 8. HP: 65/65 MP: 0/0
   524 | D        | Noticed a black mamba
   532 | D        | Killed a black mamba
   532 | D        | Reached ****** piety under Makhleb
   532 | D        | Arena points: 300 (+160) [x5]
   533 | D        | Reached skill level 9 in Fighting
   533 | D        | Reached XP level 9. HP: 65/72 MP: 0/0
   533 | D        | Learned a level 4 spell: Iskenderun's Mystic Blast
   595 | D        | Round 5.
   600 | D        | Noticed a giant anaconda
   614 | D        | Killed a giant anaconda
   614 | D        | Arena points: 545 (+245) [x7]
   615 | D        | Reached skill level 10 in Unarmed Combat
   615 | D        | Found the +0 staff of Battle
   615 | D        | Got a serpentine rune of Zot
   616 | D        | Reached skill level 11 in Fighting
   616 | D        | Reached XP level 10. HP: 45/84 MP: 0/0
   803 | D        | Round 6.
   834 | D        | Noticed a black mamba
   842 | D        | Killed a black mamba
   851 | D        | Noticed an elephant
   861 | D        | Killed an elephant
   862 | D        | Reached skill level 12 in Fighting
   887 | D        | Noticed a cane toad
   897 | D        | Killed a cane toad
   953 | D        | Noticed a cane toad
   969 | D        | Killed a cane toad
   969 | D        | Arena points: 929 (+384) [x8]
   998 | D        | Round 7.
  1012 | D        | Reached skill level 10 in Dodging
  1057 | D        | Reached XP level 11. HP: 75/90 MP: 0/0
  1057 | D        | Learned a level 4 spell: Dispel Undead
  1062 | D        | Noticed Harold
  1072 | D        | Killed Harold
  1118 | D        | Noticed a centaur warrior
  1126 | D        | Killed a centaur warrior
  1134 | D        | Arena points: 1433 (+504) [x9]
  1135 | D        | Reached skill level 13 in Fighting
  1193 | D        | Round 8.
  1195 | D        | Noticed a four-headed hydra
  1206 | D        | Noticed a five-headed hydra
  1207 | D        | Noticed a will-o-the-wisp
  1207 | D        | Noticed an eleionoma
  1217 | D        | Killed an eleionoma
  1218 | D        | Reached skill level 10 in Invocations
  1221 | D        | Killed a four-headed hydra
  1222 | D        | Reached skill level 10 in Spellcasting
  1229 | D        | Killed a five-headed hydra
  1242 | D        | Noticed a goliath frog
  1251 | D        | Killed a goliath frog
  1257 | D        | Killed a will-o-the-wisp
  1259 | D        | Noticed a five-headed hydra
  1267 | D        | Arena points: 1993 (+560) [x10]
  1282 | D        | Round 9.
  1287 | D        | Bought 3 potions of mutation for 168 gold pieces
  1288 | D        | Noticed a wolf spider
  1296 | D        | Killed a wolf spider
  1299 | D        | Noticed a moth of wrath
  1303 | D        | Noticed a wolf spider
  1308 | D        | Noticed a wolf spider
  1308 | D        | Slain by a jumping spider

Illustrated notes

Levels and vault maps discovered:
D:        arena_sprint

Skill      XL: |  1  2  3  4  5  6  7  8  9 10 11 |
---------------+----------------------------------+-----
Fighting       | 2 3 4 6 7 8 9 11 12 13 | 13.6
Armour         | 1 2 3 4 5 6 7 8 |  8.6
Spellcasting   | 2 3 4 5 6 7 8 9 10 | 10.4
Dodging        | 3 4 5 6 8 10 11 | 11.8
Unarmed Combat | 4 5 6 7 8 9 10 11 12 | 12.3
Invocations    | 1 2 3 4 5 6 7 9 10 | 10.6

Action                   |  1- 3 |  4- 6 |  7- 9 | 10-12 || total
-------------------------+-------+-------+-------+-------++-------
Melee: Unarmed           |    55 |    33 |    27 |    82 ||   197
       Headbutt          |     4 |       |       |       ||     4
       Punch             |       |       |       |     1 ||     1
 Cast: Beastly Appendage |     5 |       |       |       ||     5
       Spider Form       |     2 |     2 |       |       ||     4
       Hydra Form        |       |     2 |     2 |    10 ||    14
       Vampiric Draining |       |       |       |     2 ||     2
Invok: Lesser Servant of |       |     1 |     3 |       ||     4
       Greater Servant o |       |       |       |     2 ||     2
Evoke: Wand              |     2 |       |       |       ||     2
  Use: Potion            |     2 |     2 |     1 |     3 ||     8
       Scroll            |       |       |       |     2 ||     2
Armor: Robe              |     6 |       |       |       ||     6
       Skin              |     1 |     7 |     9 |    25 ||    42
Dodge: Dodged            |    34 |    17 |    12 |    50 ||   113

Table legend: (Time is in decaauts)
 A = Elapsed time spent in this place.
 B = Non-inter-level travel time spent in this place.
 C = Inter-level travel time spent in this place.
 D = Time resting spent in this place.
 E = Time spent auto-exploring this place.
 F = Levels seen in this place.
 G = Mean time per level.
                   A        B        C        D        E       F      G
               +--------+--------+--------+--------+--------+-----+--------+
         Total |   1276 |   1228 |     48 |    287 |    222 |   1 | 1276.0 |
       Dungeon |   1276 |   1228 |     48 |    287 |    222 |   1 | 1276.0 |
               +--------+--------+--------+--------+--------+-----+--------+

Top non-repeatable levels by time:
       D: 1276 daAuts
